 Dungeon Crawl Stone Soup version 0.20-a0-309-gcba9277 (webtiles) character file.

139601 FitzyFitz the Martial Artist (level 16, 0/127 HPs)
             Began as a Demonspawn Monk on Dec 16, 2016.
             Was the Champion of Kikubaaqudgha.
             Slain by a merfolk
             ... wielding a +0 trident
              (14 damage)
             ... on level 2 of the Shoals on Dec 19, 2016.
             The game lasted 03:48:29 (38221 turns).

FitzyFitz the Martial Artist (Demonspawn Monk)     Turns: 38221, Time: 03:48:30

Health: 0/127      AC: 22    Str: 13    XL:     16   Next: 74%
Magic:  16/26      EV: 18    Int: 17    God:    Kikubaaqudgha [******]
Gold:   1748       SH: 18    Dex: 19    Spells: 2/28 levels left

rFire  + . .     SeeInvis .       - Unarmed
rCold  + . .     Gourm    .     C - +2 steam dragon scales
rNeg   + . .     Faith    +     Y - +2 shield of Resistance {rF+ rC+ MR+}
rPois  +         Spirit   .     R - +2 hat {MR+}
rElec  .         Reflect  .     D - +1 cloak {+Inv}
rCorr  .         Harm     .     (no gloves)
MR     +++..                    F - +2 pair of boots
Stlth  +++.......               j - amulet of faith
                                T - ring of Boxacwil {rPois rN+ Dex+3}
                                t - +3 ring of protection

@: very slightly contaminated, corpse armour
A: antennae 1, claws 2, talons 2, foul stench 1, spiny 2, wild magic 1, rot
immunity
a: Receive Corpses, Torment, Renounce Religion, Evoke Invisibility


You were on level 2 of the Shoals.
You worshipped Kikubaaqudgha.
Kikubaaqudgha was exalted by your worship.
You were very hungry.

You visited 6 branches of the dungeon, and saw 28 of its levels.
You also visited: Labyrinth and Ice Cave.

You collected 3400 gold pieces.
You spent 1652 gold pieces at shops.

Inventory:

Missiles
 G - 60 tomahawks (quivered)
Armour
 C - +2 steam dragon scales (worn)
 D - a +1 cloak of invisibility (worn)
 F - a +2 pair of boots (worn)
 R - a +2 hat of magic resistance (worn)
 Y - the +2 shield of Resistance (worn) {rF+ rC+ MR+}
   (You found it on level 1 of the Shoals)

   It protects you from fire.
   It protects you from cold.
   It affects your resistance to hostile enchantments.
Jewellery
 b - an uncursed ring of ice
 j - an amulet of faith (around neck)
 t - a +3 ring of protection (left claw)
 T - the ring of Boxacwil (right claw) {rPois rN+ Dex+3}
   (You bought it in a shop on level 2 of the Orcish Mines)

   [ring of positive energy]

   It affects your dexterity (+3).
   It protects you from poison.
   It protects you from negative energy.
 X - an uncursed ring of fire
 Z - an uncursed ring of resist corrosion
Wands
 h - a wand of paralysis (7/24)
 m - a wand of teleportation (7/9)
 n - a wand of teleportation (4/9)
 p - a wand of heal wounds (4/9)
 x - a wand of disintegration (5/24)
 y - a wand of paralysis (12/24)
 z - a wand of hasting (5/9)
 H - a wand of flame (33/48)
 V - a wand of digging (8/24)
Scrolls
 e - 7 scrolls of teleportation
 k - 10 scrolls of remove curse
 l - 4 scrolls of immolation
 u - a scroll of fear
 A - a scroll of enchant armour
 E - 2 scrolls of identify
 K - 3 scrolls of fog
 L - a scroll of recharging
 W - 2 scrolls of magic mapping
Potions
 a - 2 potions of resistance
 d - 8 potions of curing
 f - a potion of haste
 i - a potion of heal wounds
 o - a potion of magic
 r - a potion of cancellation
 s - a potion of flight
 w - a potion of might
 B - a potion of agility
 N - a potion of berserk rage
Comestibles
 c - 10 bread rations
 g - 14 fruits
 q - 6 meat rations
 v - 4 chunks of flesh


   Skills:
 - Level 12.0 Fighting
   Level 3.3 Axes
 - Level 7.0 Armour
 - Level 8.0 Dodging
 - Level 3.4 Stealth
 + Level 11.6 Shields
 - Level 14.1 Unarmed Combat
 - Level 6.9 Spellcasting
 - Level 5.7 Charms
 - Level 13.0 Necromancy
 - Level 3.7 Air Magic
 - Level 4.6 Evocations


You had 2 spell levels left.
You knew the following spells:

 Your Spells              Type           Power        Failure   Level  Hunger
a - Animate Skeleton      Necr           N/A          1%          1    None
b - Vampiric Draining     Necr           ######....   1%          3    ##.....
c - Corpse Rot            Necr           N/A          1%          2    None
d - Animate Dead          Necr           N/A          1%          4    ####...
e - Control Undead        Necr           ######....   1%          4    ####...
f - Regeneration          Chrm/Necr      #####.....   2%          3    ##.....
g - Cigotuvi's Embrace    Necr           ######....   4%          5    #####..
h - Swiftness             Chrm/Air       ####....     6%          2    None
i - Blink                 Tloc           N/A          38%         2    None


Dungeon Overview and Level Annotations

Branches:
Dungeon (14/15)            Temple (1/1) D:6            Lair (6/6) D:10
 Shoals (2/4) Lair:3        Snake (3/4) Lair:3        Slime (0/5) Lair:6
    Orc (2/2) D:9             Elf (0/3) Orc:2        Vaults (0/5) D:13

Altars:
Cheibriados
Dithmenos
Elyvilon
Fedhas
Gozag
Kikubaaqudgha
Makhleb
Nemelex Xobeh
Okawaru
Sif Muna
Trog
Xom
Yredelemnul
Lugonu

Shops:
D:7 **}   Orc:1 =   Orc:2 }=}(   Snake:1 (*?

Annotations:
D:10 exclusion: obsidian statue


Innate Abilities, Weirdness & Mutations

You have a pair of small antennae on your head.
You have very sharp fingernails.
You have razor-sharp toenails.
You may emit foul miasma when damaged in melee.
You are mostly covered in sharp spines.
You are immune to rotting.
Your spells are a little harder to cast, but a little more powerful.


Message History

The merfolk javelineer throws a javelin of penetration.
The javelin of penetration pierces through your manticore zombie!!
Your manticore zombie is destroyed!
The javelin of penetration pierces through you.
* * * LOW HITPOINT WARNING * * *
The merfolk barely misses you.
Your snapping turtle zombie bites the merfolk javelineer from afar.
A merfolk comes into view. It is wielding a trident.
Casting: Animate Dead
Confirm with . or Enter, or press ? or * to list all spells.
You miscast Animate Dead.
You are very lightly contaminated with residual magic.
Kikubaaqudgha protects you from your miscast necromantic spell!
You are feeling very hungry.
The merfolk javelineer throws a javelin of penetration.
The javelin of penetration pierces through you!!
* * * LOW HITPOINT WARNING * * *
The merfolk hits you from afar with a trident!
You die...
Kikubaaqudgha rasps: "You have failed me!
Welcome... death!"

≈≈≈≈≈≈≈≈≈≈≈≈≈≈≈≈≈≈≈≈≈≈.......
≈≈≈W≈≈≈≈≈.≈≈≈.≈≈≈≈≈≈≈≈..###..
≈≈≈≈≈≈≈≈.......≈≈≈≈≈≈≈..# #..
≈≈≈≈≈≈≈≈[.....≈≈≈≈≈≈≈≈..###..
≈≈≈≈≈....###.≈≈.≈≈≈≈≈≈....≈≈.
≈≈≈≈≈≈...###≈≈≈≈≈≈≈≈≈≈≈≈≈≈≈..
≈≈≈≈≈≈...##(((≈≈≈≈≈≈≈≈≈≈≈≈≈..
≈≈≈≈≈≈..##.(.≈((≈≈≈≈≈≈...≈≈≈.
≈≈≈≈≈≈≈...≈†@(≈((≈≈≈≈.....≈≈≈
≈≈≈≈≈≈≈≈≈≈≈()(m≈≈(≈≈..#...≈≈≈
≈≈≈≈≈≈P.PP≈≈≈≈≈≈≈≈m≈..[....≈≈
≈≈≈≈≈PP..P≈..≈≈≈Z(≈≈≈≈.....≈≈
≈≈≈≈≈.P##....≈≈≈Z≈≈≈≈≈...≈≈≈≈
≈≈≈≈P.##...P.≈≈.m≈≈≈≈≈..≈≈≈≈≈
≈≈≈≈≈P≈PPPPP≈≈...≈≈≈≈≈≈..≈≈≈≈
≈≈≈≈≈≈P≈P≈≈≈≈P...≈≈≈....≈≈≈≈
≈≈≈≈≈≈≈≈≈≈≈P≈..##≈≈...≈≈≈≈≈≈


You could see a merfolk javelineer, 2 merfolk, a friendly snapping turtle zombie
and a friendly merfolk impaler zombie.

Vanquished Creatures
  Vashnia (Snake:2)
  The ghost of kazak the Impaler, an adept FoFi of Hepliaklqana (Shoals:1)
  Gastronok (D:8)
  Kirke (Lair:6)
  2 nagarajas (Snake:3)
  Aizul (Snake:2)
  A fire dragon (Lair:6)
  Harold (D:12)
  A merfolk impaler (Shoals:2)
  Erolcha (D:12)
  2 naga warriors (Snake:1)
  2 hydras
  An ice dragon (Lair:4)
  A catoblepas (Lair:5)
  6 two-headed ogres
  2 centaur warriors
  8 anacondas
  An ogre mage (D:13)
  A satyr (Shoals:2)
  An orc high priest (Orc:2)
  A tengu warrior (D:13)
  8 shock serpents
  9 naga sharpshooters
  3 unseen horrors
  2 salamander mystics (Snake:2)
  A swamp dragon (Lair:6)
  4 sea snakes
  2 harpies (Shoals:2)
  4 naga ritualists
  An orc knight (D:13)
  Pikel (D:8)
  5 mana vipers
  2 deep elf magi (Orc:1)
  An oklob plant (Lair:3)
  4 salamanders
  2 wolf spiders
  4 fauns (Shoals:2)
  6 orc sorcerers
  2 ugly things
  3 cyclopes
  6 manticores
  2 merfolk sirens (Shoals:2)
  4 centaur skeletons
  Joseph (D:8)
  A guardian serpent (Lair:6)
  10 naga magi
  10 spiny frogs
  28 black mambas
  Maurice (D:13)
  A water nymph (Shoals:1)
  An ice statue (IceCv)
  4 kobold demonologists
  10 komodo dragons
  3 yaktaurs (D:13)
  6 rime drakes
  A freezing wraith (D:14)
  A tengu conjurer (D:13)
  2 meliai (Lair:5)
  A wind drake (Shoals:2)
  A queen bee (Lair:5)
  The ghost of Shayle the Conjurer, a novice VSCj of Vehumet (D:4)
  9 merfolk
  2 trolls
  11 blink frogs
  3 hornets (Lair:6)
  6 slime creatures
  5 snapping turtles
  A hippogriff (shapeshifter) (D:14)
  8 hippogriffs
  3 redbacks
  A shadow (D:11)
  A tarantella (Orc:1)
  4 water elementals
  4 wraiths
  10 wyverns
  37 yaks
  3 vampires
  4 basilisks
  2 hogs (Lair:6)
  A hungry ghost (D:14)
  Grum (D:11)
  2 steam dragons (Lair:6)
  2 wargs
  17 nagas
  Edmund (D:6)
  2 acid dragons
  9 water moccasins
  2 sky beasts
  3 porcupines
  A swamp drake (Orc:1)
  2 black bears
  18 orc warriors
  An eye of draining (D:8)
  2 necrophages
  17 ice beasts
  4 slaves (D:8)
  4 ogres
  4 phantoms
  8 centaurs
  4 wolves (D:10)
  13 crocodiles
  18 bullfrogs
  A gnoll sergeant (D:5)
  5 scorpions
  2 water moccasin zombies
  13 killer bees
  5 wights (D:12)
  An electric eel (D:10)
  4 howler monkeys
  7 crimson imps
  3 centaur zombies
  Crazy Yiuf (D:6)
  8 hounds
  2 quasits
  3 jellies
  A bullfrog skeleton (D:10)
  10 orc priests
  An iron imp (Orc:1)
  3 iguanas
  40 orc wizards
  5 worker ants
  2 hound zombies
  A hound skeleton (D:6)
  A worker ant zombie (D:5)
  7 gnolls
  3 howler monkey skeletons
  10 adders
  6 shadow imps
  A white imp (Orc:1)
  2 oozes
  2 worms
  3 dart slugs
  6 leopard geckos
  64 orcs
  2 giant cockroaches
  5 goblins
  11 hobgoblins
  16 jackals
  2 quokkas
  A ball python (D:1)
  8 bats
  5 frilled lizards
  8 kobolds
  A leopard gecko zombie (D:5)
  A quokka skeleton (D:5)
  8 rats
  A spectral orc (D:9)
  A fungus (Lair:6)
  2 plants
741 creatures vanquished.

Vanquished Creatures (collateral kills)
  The ghost of jlc4533 the Devastator, a journeyman TeCj of Ashenzari (Lair:5)
  A minotaur (Lab)
  Fannar (Lair:1)
  3 ice dragons
  3 naga warriors (Snake:3)
  A merfolk avatar (Shoals:2)
  3 hydras
  2 two-headed ogres
  An anaconda (Snake:3)
  A shock serpent (Snake:1)
  2 naga sharpshooters (Snake:2)
  Sonja (Lair:1)
  A sea snake (Shoals:1)
  A harpy (Shoals:2)
  2 manticores
  3 salamanders
  An oklob plant (Lair:3)
  A water nymph (Shoals:2)
  An ice statue (IceCv)
  A merfolk siren (Shoals:2)
  8 black mambas
  5 spiny frogs
  A kobold demonologist (D:11)
  A rime drake (Lair:3)
  2 komodo dragons
  2 trolls (D:10)
  A meliai (Lair:5)
  9 blink frogs
  A slime creature (Lair:6)
  2 hippogriffs
  A snapping turtle (Shoals:1)
  A redback (Lair:6)
  4 wyverns
  A hog (Lair:6)
  6 yaks
  2 humans (Lair:6)
  A steam dragon (Lair:6)
  5 nagas
  10 water moccasins
  Menkaure (D:6)
  2 orc warriors
  2 porcupines
  A swamp drake (Lair:6)
  A sky beast (D:11)
  2 ice beasts (IceCv)
  An eye of draining (D:14)
  3 crocodiles
  6 bullfrogs
  9 killer bees (Lair:5)
  3 crimson imps
  3 jellies (D:10)
  3 orc priests
  An orc wizard (Orc:2)
  3 bullfrog skeletons
  A worker ant (D:8)
  3 white imps (Lair:4)
  5 oozes (D:10)
  A leopard gecko (D:9)
  3 orcs
  2 butterflies (Lair:1)
  3 plants
153 creatures vanquished.

Vanquished Creatures (others)
  A naga ritualist (Snake:1)
  A human (Lair:6)
  21 fungi
  44 plants
  4 tentacles (Shoals:1)
71 creatures vanquished.

Grand Total: 965 creatures vanquished

Notes
Turn   | Place    | Note
-------+----------+-------------------------------------------
     0 | D:1      | FitzyFitz the Demonspawn Monk began the quest for the Orb.
     0 | D:1      | Reached XP level 1. HP: 18/18 MP: 1/1
     1 | D:1      | Found a shimmering altar of Xom.
    93 | D:1      | Gained mutation: You have a pair of small antennae on your head. [demonic ancestry]
    93 | D:1      | Reached XP level 2. HP: 18/24 MP: 2/2
   710 | D:1      | Reached XP level 3. HP: 29/29 MP: 3/3
  1361 | D:2      | Found a snail-covered altar of Cheibriados.
  1438 | D:2      | Found a shadowy altar of Dithmenos.
  1756 | D:2      | Found a burning altar of Makhleb.
  1764 | D:2      | Reached skill level 1 in Shields
  1764 | D:2      | Reached XP level 4. HP: 37/37 MP: 4/4
  2784 | D:3      | Gained mutation: You are immune to rotting. [demonic ancestry]
  2784 | D:3      | Reached XP level 5. HP: 43/43 MP: 5/5
  2990 | D:4      | Noticed a phantom
  3212 | D:4      | Noticed Shayle's ghost (novice VSCj)
  3649 | D:4      | Reached skill level 5 in Fighting
  3715 | D:5      | Entered Level 5 of the Dungeon
  3817 | D:5      | Gained mutation: You may emit foul miasma when damaged in melee. [demonic ancestry]
  3817 | D:5      | Reached XP level 6. HP: 46/51 MP: 6/6
  3832 | D:5      | Found an ancient bone altar of Kikubaaqudgha.
  3873 | D:5      | Noticed a sky beast
  3887 | D:5      | Killed a sky beast
  3959 | D:5      | Became a worshipper of Kikubaaqudgha
  3959 | D:5      | Reached * piety under Kikubaaqudgha
  3959 | D:5      | Identified Kikubaaqudgha's Reference Book on Unholy Arts (Kikubaaqudgha gifted it to you on level 5 of the Dungeon)
  3959 | D:5      | Received a gift from Kikubaaqudgha
  3959 | D:5      | Reached ** piety under Kikubaaqudgha
  3965 | D:5      | Learned a level 1 spell: Animate Skeleton
  4119 | D:5      | Reached skill level 1 in Spellcasting
  4119 | D:5      | Reached skill level 1 in Necromancy
  4143 | D:5      | Gained mutation: You have sharp fingernails. [demonic ancestry]
  4143 | D:5      | Reached XP level 7. HP: 36/56 MP: 8/8
  4261 | D:5      | Got a smoking falchion
  4269 | D:5      | Identified the +3 falchion of the Abyss {protect, *Rage +Rage rC- rN+++} (You found it on level 5 of the Dungeon)
  4288 | D:5      | Learned a level 3 spell: Vampiric Draining
  4291 | D:5      | Learned a level 2 spell: Corpse Rot
  4567 | D:5      | Reached skill level 1 in Evocations
  4681 | D:5      | Reached skill level 1 in Armour
  5125 | D:6      | Noticed Edmund
  5136 | D:6      | Upgraded the game from 0.20-a0-303-g575bbf7 to 0.20-a0-309-gcba9277
  5173 | D:6      | Killed Edmund
  5358 | D:6      | Noticed Menkaure
  5390 | D:5      | Reached XP level 8. HP: 63/63 MP: 10/10
  5441 | D:6      | Killed Menkaure
  5964 | D:6      | Reached skill level 5 in Necromancy
  5966 | D:6      | Found an opulent altar of Gozag.
  6062 | D:6      | Found a staircase to the Ecumenical Temple.
  6491 | D:6      | Found a runed door.
  6495 | D:6      | Noticed Crazy Yiuf
  6503 | D:6      | Killed Crazy Yiuf
  7053 | D:4      | Killed Shayle's ghost
  7141 | D:4      | Found a bloodstained altar of Trog.
  7142 | D:4      | Found an iron altar of Okawaru.
  7234 | Temple   | Entered the Ecumenical Temple
  7277 | D:7      | You fall through a shaft for 2 floors!
  7283 | D:9      | Gained mutation: You have sharp toenails. [demonic ancestry]
  7283 | D:9      | Reached XP level 9. HP: 68/68 MP: 11/11
  7551 | D:9      | Noticed a two-headed ogre
  7566 | D:9      | Found a white marble altar of Elyvilon.
  7582 | D:8      | Reached *** piety under Kikubaaqudgha
  7582 | D:8      | Identified Kikubaaqudgha's Catalogue of Unholy Secrets (Kikubaaqudgha gifted it to you on level 8 of the Dungeon)
  7582 | D:8      | Received a gift from Kikubaaqudgha
  7650 | D:8      | Learned a level 4 spell: Animate Dead
  7670 | D:8      | Noticed Joseph
  7678 | D:8      | Found a sparkling altar of Nemelex Xobeh.
  7681 | D:8      | Noticed Gastronok
  7895 | D:8      | Noticed a two-headed ogre
  7930 | D:8      | Killed Gastronok
  8127 | D:6      | Gained mutation: You have razor-sharp toenails. [demonic ancestry]
  8127 | D:6      | Reached XP level 10. HP: 41/74 MP: 12/12
  8604 | D:7      | Found Xicuuden's Assorted Antiques.
  8692 | D:7      | Reached skill level 1 in Unarmed Combat
  8856 | D:7      | Found Xuank's Gadget Shop.
  9180 | D:7      | Found Qorrah's General Store.
  9413 | D:8      | Killed Joseph
  9729 | D:8      | Noticed Pikel
  9779 | D:8      | Killed Pikel
  9779 | D:8      | Reached skill level 2 in Unarmed Combat
 10049 | D:8      | Noticed a two-headed ogre
 10075 | D:8      | Killed a two-headed ogre
 10075 | D:8      | Reached skill level 3 in Unarmed Combat
 10859 | D:8      | Reached skill level 4 in Unarmed Combat
 11214 | D:7      | Bought a potion of beneficial mutation for 385 gold pieces
 11217 | D:7      | Gained mutation: Your spells are a little harder to cast, but a little more powerful. [potion of beneficial mutation]
 11239 | D:7      | Reached **** piety under Kikubaaqudgha
 11260 | D:8      | Learned a level 4 spell: Control Undead
 11296 | D:9      | Reached skill level 5 in Spellcasting
 11301 | D:9      | Found a deep blue altar of Sif Muna.
 11311 | D:9      | Killed a two-headed ogre
 11332 | D:9      | Found a staircase to the Orcish Mines.
 11435 | D:9      | Found a basalt altar of Yredelemnul.
 11673 | D:9      | Found a blossoming altar of Fedhas.
 11880 | D:9      | Learned a level 5 spell: Cigotuvi's Embrace
 11903 | D:10     | Entered Level 10 of the Dungeon
 11944 | D:10     | Reached skill level 5 in Unarmed Combat
 12092 | D:10     | Noticed a two-headed ogre
 12103 | D:10     | Killed a two-headed ogre
 12103 | D:10     | Gained mutation: You have very sharp fingernails. [demonic ancestry]
 12103 | D:10     | Reached XP level 11. HP: 39/81 MP: 12/19
 12213 | D:10     | Found a staircase to the Lair.
 12315 | D:10     | Reached skill level 6 in Unarmed Combat
 13153 | D:10     | Noticed an obsidian statue
 13288 | D:11     | Noticed a two-headed ogre
 13306 | D:11     | Killed a two-headed ogre
 13330 | D:11     | Reached skill level 7 in Unarmed Combat
 13403 | D:11     | Noticed Grum
 13405 | D:11     | Noticed a purple ugly thing
 13521 | Lair:1   | Entered Level 1 of the Lair of Beasts
 13608 | Lair:1   | Noticed Fannar
 13627 | Lair:1   | Killed Fannar
 13674 | Lair:1   | Reached skill level 8 in Unarmed Combat
 14083 | Lair:1   | Noticed a six-headed hydra
 14122 | Lair:1   | Killed a six-headed hydra
 14122 | Lair:1   | Reached skill level 9 in Unarmed Combat
 14259 | Lair:1   | Noticed Sonja
 14280 | Lair:1   | Killed Sonja
 14538 | D:7      | Bought a scroll of identify for 22 gold pieces
 14538 | D:7      | Bought a scroll of teleportation for 33 gold pieces
 14555 | D:7      | Bought a scroll of magic mapping for 98 gold pieces
 15083 | Lair:2   | Found an iron altar of Okawaru.
 15204 | Lair:2   | Reached skill level 10 in Unarmed Combat
 15717 | Lair:3   | Found a staircase to the Shoals.
 15845 | Lair:3   | Reached XP level 12. HP: 67/88 MP: 2/20
 15866 | Lair:3   | Found a frozen archway.
 15882 | IceCv    | Entered an ice cave
 15908 | IceCv    | Reached skill level 11 in Unarmed Combat
 16327 | IceCv    | Noticed an ice dragon
 16407 | IceCv    | Noticed an ice dragon
 16420 | IceCv    | HP: 3/88 [ice dragon/blast of cold (24)]
 16430 | IceCv    | Killed an ice dragon
 16431 | IceCv    | Killed an ice dragon
 16457 | IceCv    | Got a smoking ruby amulet
 16510 | IceCv    | Identified the amulet of the Battered Orbs {Gourm Str+3 Int+2} (You found it in an ice cave)
 16619 | Lair:3   | Found a staircase to the Snake Pit.
 16689 | Lair:2   | Noticed a four-headed hydra
 16699 | Lair:2   | Killed a four-headed hydra
 17779 | Lair:4   | Reached skill level 12 in Unarmed Combat
 17789 | Lair:4   | Reached skill level 5 in Dodging
 18606 | Lair:4   | Noticed an ice dragon
 18616 | Lair:4   | Killed an ice dragon
 18780 | Lair:4   | Noticed an ice dragon
 18823 | Lair:4   | Killed an ice dragon
 18823 | Lair:4   | Reached skill level 5 in Armour
 18823 | Lair:4   | Reached XP level 13. HP: 64/96 MP: 21/21
 18986 | Lair:5   | Noticed jlc4533's ghost (journeyman TeCj)
 19217 | Lair:5   | Killed jlc4533's ghost
 19597 | Lair:5   | Reached ***** piety under Kikubaaqudgha
 20404 | Lair:6   | Entered Level 6 of the Lair of Beasts
 20620 | Lair:6   | Found a staircase to the Slime Pits.
 20731 | Lair:6   | Noticed Kirke
 20751 | Lair:6   | Killed Kirke
 21222 | Lair:6   | Learned a level 3 spell: Regeneration
 22793 | Lair:6   | Gained mutation: You are partially covered in sharp spines. [demonic ancestry]
 22793 | Lair:6   | Reached XP level 14. HP: 76/108 MP: 12/22
 23157 | Lair:6   | Reached skill level 13 in Unarmed Combat
 23484 | D:7      | Bought a scroll of identify for 56 gold pieces
 23484 | D:7      | Bought a scroll of identify for 56 gold pieces
 23487 | D:7      | Bought a large wooden ring for 140 gold pieces
 23604 | Lair:1   | Learned a level 2 spell: Swiftness
 23700 | D:11     | Killed Grum
 23753 | D:11     | Found a corrupted altar of Lugonu.
 23806 | D:11     | Reached skill level 1 in Charms
 24021 | D:11     | Found a shimmering altar of Xom.
 24043 | D:11     | Reached skill level 1 in Air Magic
 24532 | D:12     | Noticed Erolcha
 24549 | D:12     | Noticed Harold
 24603 | D:12     | Killed Erolcha
 24607 | D:12     | Killed Harold
 25260 | D:13     | Found a gate to the Vaults.
 25287 | D:13     | Reached skill level 10 in Fighting
 25353 | D:13     | Found a labyrinth entrance.
 25361 | Lab      | Entered a labyrinth
 26329 | D:13     | Identified a +1 rod of inaccuracy (7/13) (You took it off a minotaur in a labyrinth)
 26737 | D:13     | Noticed Maurice
 26748 | D:13     | Killed Maurice
 27927 | D:14     | Found an opulent altar of Gozag.
 28686 | Snake:1  | Entered Level 1 of the Snake Pit
 28823 | Snake:1  | Found Leydor's Weapon Shoppe.
 28831 | Snake:1  | Reached skill level 5 in Charms
 28838 | Snake:1  | Found Riyr's Assorted Antiques.
 29048 | Snake:1  | Found Poekk's Magic Scroll Shoppe.
 29172 | Snake:1  | Gained mutation: You are mostly covered in sharp spines. [demonic ancestry]
 29172 | Snake:1  | Reached XP level 15. HP: 115/118 MP: 23/23
 29353 | Snake:1  | Reached skill level 14 in Unarmed Combat
 30699 | Snake:2  | Reached ****** piety under Kikubaaqudgha
 30721 | Snake:2  | Received a gift from Kikubaaqudgha
 30936 | Lair:1   | Learned a level 2 spell: Blink
 31005 | Orc:1    | Entered Level 1 of the Orcish Mines
 31295 | Orc:1    | Found Yrillint's Jewellery Boutique.
 31303 | Orc:1    | Bought an uncursed ring of protection from magic for 300 gold pieces
 31881 | Orc:2    | Entered Level 2 of the Orcish Mines
 32204 | Orc:2    | Found a staircase to the Elven Halls.
 32450 | Orc:2    | Found Keogyh's Gadget Emporium.
 32450 | Orc:2    | Found Upsir's Antique Weapon Emporium.
 32451 | Orc:2    | Found Kazuluymn's Jewellery Shoppe.
 32463 | Orc:2    | Found Awkyqila's Gadget Shoppe.
 32717 | Orc:2    | Bought the ring of Boxacwil {rPois rN+ Dex+3} for 562 gold pieces
 32875 | Shoals:1 | Entered Level 1 of the Shoals
 33152 | Shoals:1 | Noticed kazak's ghost (adept FoFi)
 33172 | Shoals:1 | Killed kazak's ghost
 34036 | Snake:1  | Reached skill level 5 in Shields
 34234 | Snake:2  | Noticed Vashnia
 34367 | Snake:2  | Noticed Aizul
 34378 | Snake:2  | Killed Aizul
 34572 | Snake:2  | Reached XP level 16. HP: 84/127 MP: 26/26
 35089 | Snake:2  | Killed Vashnia
 36794 | Snake:3  | Reached skill level 10 in Shields
 38221 | Shoals:2 | Slain by a merfolk

Vault maps used:
D:1:      sevenhm_arrival_forest_fort_small_6
D:2:      lemuel_round_altar, nicolae_dithmenos_shadow_blocks,
          makhleb_heckhound_becter, minmay_pentomino_s2
D:3:      first_bread, minmay_quantized
D:4:      grunt_temple_overflow_bloody_war
D:5:      kiku_gazebo_garden_becter, lemuel_flamethrower_1
D:6:      lemuel_doored_altar, uniq_menkaure, uniq_crazy_yiuf_cottage,
          uniq_edmund
D:7:      serial_shops, shop, shop, kennysheep_mini_moat
D:8:      minmay_cornered_nines, lemuel_round_altar, uniq_pikel, uniq_gastronok,
          uniq_joseph
D:9:      fedhas_altar_fruit_tree, yredelemnul_forgotten_temple_becter,
          grunt_temple_overflow_open, orc_0_dummy
D:10:     statuecave_lemuel, lair_entry_dummy, hangedman_little_slice_of_home,
          minmay_misc_feat_four_crosses
D:11:     kennysheep_kobold_lugonu_temple, basic_altar, uniq_grum
D:12:     uniq_erolcha, uniq_harold
D:13:     hangedman_vaults_entry_quadrant_bands, lab_entry_generic, uniq_maurice
D:14:     roderic_chinese_pattern_swastika, grunt_gozag_breadcrumbs
Temple:   jpeg_temple_island
Lair:1:   grunt_megastairs_5, lemuel_fruit_fields, uniq_sonja, uniq_fannar
Lair:2:   basic_altar, grunt_megastairs_3
Lair:3:   minmay_shoals_entry_beasts, guppyfry_snake_entry_island,
          portal_ice_cave_rime, minmay_lair_oklob_chamber
Lair:4:   dragon1_lemuel, bobbens_ice_dragon_lair
Lair:5:   special_room
Lair:6:   guppyfry_lair_end_dragon, hangedman_lair_tendril_chambers,
          minmay_slime_entry_pillars, st_stairs_12, uniq_kirke
Snake:1:  serial_shops, shop, shop, shop
Snake:2:  uniq_aizul, uniq_vashnia
Snake:3:  serial_bayou_shore_b
Orc:1:    nicolae_orc_accident_3, serial_shops, shop, hangedman_minor_magic
Orc:2:    st_orc_mages
Lab:      labyrinth_watery
IceCv:    ice_cave_small_dragons

Skill      XL: |  1  2  3  4  5  6  7  8  9 10 11 12 13 14 15 16 |
---------------+-------------------------------------------------+-----
Axes           | 3 |  3.3
Fighting       | 4 5 6 7 9 11 12 | 12.0
Shields        | 1 2 3 4 6 11 | 11.6
Spellcasting   | 1 5 6 |  6.9
Necromancy     | 1 3 8 12 13 | 13.0
Evocations     | 1 4 |  4.6
Armour         | 2 3 5 6 7 |  7.0
Dodging        | 3 4 5 7 8 |  8.0
Stealth        | 3 |  3.4
Unarmed Combat | 5 10 12 13 14 | 14.1
Charms         | 5 |  5.7
Air Magic      | 3 |  3.7

Action                   |  1- 3 |  4- 6 |  7- 9 | 10-12 | 13-15 | 16-18 || total
-------------------------+-------+-------+-------+-------+-------+-------++-------
Melee: Hand axe          |    20 |       |       |       |       |       ||    20
       Dagger            |    77 |   261 |   385 |   499 |       |       ||  1222
       Falchion          |       |       |    41 |    29 |       |       ||    70
       Demon trident     |       |       |    38 |    18 |       |       ||    56
       Kick              |       |       |    34 |   319 |       |       ||   353
       Unarmed           |       |       |       |   606 |  1456 |   389 ||  2451
Throw: Tomahawk          |       |       |    15 |    13 |     9 |       ||    37
 Cast: Animate Skeleton  |       |       |     8 |    38 |    33 |    14 ||    93
       Corpse Rot        |       |       |     2 |     2 |       |       ||     4
       Vampiric Draining |       |       |     4 |    18 |   103 |    38 ||   163
       Animate Dead      |       |       |     2 |    41 |    85 |     9 ||   137
       Control Undead    |       |       |       |     1 |     2 |       ||     3
       Regeneration      |       |       |       |       |    25 |    10 ||    35
       Cigotuvi's Embrac |       |       |       |       |    21 |     6 ||    27
Invok: Receive Corpses   |       |       |     6 |    20 |    33 |     6 ||    65
       Receive Necronomi |       |       |       |       |     1 |       ||     1
 Abil: Evoke Invisibilit |       |       |       |     2 |       |       ||     2
Evoke: Wand              |       |       |       |     8 |    11 |     2 ||    21
  Use: Scroll            |       |    12 |     8 |    14 |    20 |     5 ||    59
       Potion            |       |     1 |     2 |     9 |    10 |     2 ||    24
 Stab: Sleeping          |     8 |     3 |     3 |    11 |    18 |     5 ||    48
       Distracted        |       |       |     1 |     9 |    15 |     4 ||    29
       Invisible         |       |       |       |     7 |       |       ||     7
       Paralysed         |       |       |       |       |     3 |       ||     3
  Eat: Chunk             |     2 |     8 |    10 |    35 |    30 |    12 ||    97
       Meat ration       |       |       |     1 |     1 |     2 |     1 ||     5
       Bread ration      |       |       |     1 |       |       |       ||     1
       Fruit             |       |       |       |     3 |     6 |     3 ||    12
       Royal jelly       |       |       |       |     3 |    19 |       ||    22
       Pizza             |       |       |       |       |     2 |       ||     2
       Beef jerky        |       |       |       |       |     2 |       ||     2
Armor: Robe              |    20 |    35 |       |       |       |       ||    55
       Leather armour    |       |    56 |   118 |    79 |       |       ||   253
       Ring mail         |       |       |       |    66 |       |       ||    66
       Troll leather arm |       |       |       |   218 |   238 |       ||   456
       Ice dragon scales |       |       |       |     9 |       |       ||     9
       Steam dragon scal |       |       |       |       |   127 |    82 ||   209
Dodge: Dodged            |    51 |   119 |   235 |   586 |   823 |   159 ||  1973
Block: Buckler           |     3 |    49 |    83 |   221 |   310 |       ||   666
       Shield            |       |       |       |       |    55 |   220 ||   275
       Rpst.: Falchion   |       |       |     8 |     2 |       |       ||    10
